[Event "DVM U12w 2024"]
[Site "Bad Homburg"]
[Date "2024.12.29"]
[Round "5"]
[White "Noennig, Lotte"]
[Black "Huang, Jasmin Shuya"]
[Result "1-0"]
[ECO "B46"]
[WhiteElo "1635"]
[BlackElo "1523"]
[Annotator "NA RC"]
[PlyCount "89"]
[EventDate "2024.12.23"]
[EventType "team-tourn"]
[EventRounds "7"]
[EventCountry "GER"]
[SourceTitle "playchess.com"]
[Source "ChessBase"]
[SourceQuality "1"]
[TimeControl "40/5400+30:1800+30"]

1. e4 c5 2. Nf3 e6 3. d4 cxd4 4. Nxd4 Nc6 5. Nc3 a6 6. Nxc6 bxc6 7. Bd3 d5 8. O-O Nf6 9. f4 Bc5+ 10. Kh1 O-O 11. Qf3 Nd7 12. Qh3 e5 13. exd5 Nf6 14. Qg3 exf4 15. Bxf4 Nh5 16. Qf3 Nxf4 17. Qxf4 cxd5 18. Qe5 Be6 19. Rad1 Qd7 20. Bf5 Qd6 21. Qxd6 Bxd6 22. Nxd5 Bxf5 23. Rxf5 Rfd8 24. c4 Rac8 25. b3 f6 26. Rf3 Kf7 27. g3 Re8 28. Rfd3 Be5 29. Nb4 a5 30. Nd5 Bb2 31. Nc3 Ba3 32. Nb5 Bb4 33. a3 Bc5 34. Rb1 Re3 35. Rxe3 Bxe3 36. Nd6+ Ke6 37. Nxc8 Kd7 38. b4 axb4 39. axb4 Kxc8 40. c5 Kb7 41. Kg2 g5 42. Kf3 Bd4 43. Ke4 Be5 44. b5 h5 45. b6 1-0

[Event "DVM U12w 2024"]
[Site "Bad Homburg"]
[Date "2024.12.29"]
[Round "5"]
[White "Busch, Lara Sophie"]
[Black "Andreeva, Katharina"]
[Result "1/2-1/2"]
[ECO "B26"]
[WhiteElo "1625"]
[BlackElo "1164"]
[Annotator "NA"]
[PlyCount "40"]
[EventDate "2024.12.23"]
[EventType "team-tourn"]
[EventRounds "7"]
[EventCountry "GER"]
[SourceTitle "playchess.com"]
[Source "ChessBase"]
[SourceQuality "1"]
[TimeControl "40/5400+30:1800+30"]

1. e4 c5 2. Nc3 d6 3. g3 Nf6 4. Bg2 g6 5. d3 Bg7 6. h3 O-O 7. Be3 Bd7 8. Qd2 Nc6 9. Bh6 Rc8 10. Bxg7 Kxg7 11. f4 e6 12. Nf3 d5 13. O-O Kg8 14. Kh2 d4 15. Ne2 Qc7 16. a3 Rfe8 17. Nh4 Re7 18. f5 Qa5 19. Qxa5 Nxa5 20. e5 Nd5 1/2-1/2

[Event "DVM U12w 2024"]
[Site "Bad Homburg"]
[Date "2024.12.29"]
[Round "5"]
[White "Klymenko, Mariia"]
[Black "Fruth, Julia"]
[Result "1-0"]
[ECO "E65"]
[WhiteElo "1625"]
[BlackElo "1614"]
[Annotator "NA RC"]
[PlyCount "91"]
[EventDate "2024.12.23"]
[EventType "team-tourn"]
[EventRounds "7"]
[EventCountry "GER"]
[SourceTitle "playchess.com"]
[Source "ChessBase"]
[SourceQuality "1"]
[TimeControl "40/5400+30:1800+30"]

1. Nf3 c5 2. g3 Nf6 3. Bg2 g6 4. O-O Bg7 5. d4 Qc7 6. b3 O-O 7. Bb2 d6 8. c4 Nbd7 9. Nc3 cxd4 10. Nxd4 Nc5 11. Qd2 Rb8 12. Rfd1 b6 13. Ncb5 Qd7 14. Bc6 Qd8 15. Nxa7 Bd7 16. Bg2 Nfe4 17. Qc2 f5 18. Nac6 Qc7 19. Nxb8 Qxb8 20. Nb5 Rc8 21. Bxg7 Kxg7 22. Nc3 Bc6 23. Nxe4 Nxe4 24. g4 d5 25. gxf5 Qf4 26. Bxe4 dxe4 27. Qc3+ Kg8 28. Qg3 Qxf5 29. Rd2 Rf8 30. e3 Qh5 31. Kh1 Rf5 32. Rg1 Kf7 33. b4 Kf6 34. b5 Be8 35. Qg4 Qh6 36. Qxe4 Kf7 37. a4 Qh3 38. Qg4 Qh6 39. Rg2 Kf6 40. Qd4+ Kf7 41. Qxb6 Rh5 42. a5 Qg7 43. Qd4 Qf8 44. a6 Kg8 45. a7 Qf3 46. Qg4 1-0

[Event "DVM U12w 2024"]
[Site "Bad Homburg"]
[Date "2024.12.29"]
[Round "5"]
[White "Subocz, Barbara"]
[Black "Sobczak, Zuzanna"]
[Result "0-1"]
[ECO "B40"]
[WhiteElo "1623"]
[BlackElo "1598"]
[Annotator "NA"]
[PlyCount "64"]
[EventDate "2024.12.23"]
[EventType "team-tourn"]
[EventRounds "7"]
[EventCountry "GER"]
[SourceTitle "playchess.com"]
[Source "ChessBase"]
[SourceQuality "1"]
[TimeControl "40/5400+30:1800+30"]

1. e4 c5 2. c3 Qa5 3. Nf3 e6 4. d4 cxd4 5. Nxd4 Nf6 6. Bd3 Nc6 7. Bd2 Be7 8. O-O O-O 9. Be3 e5 10. Nf5 d5 11. Nxe7+ Nxe7 12. exd5 Qxd5 13. c4 Qd7 14. Nc3 Nf5 15. Bc5 Re8 16. Qc2 Nd4 17. Bxd4 exd4 18. Ne2 b6 19. Rad1 Bb7 20. Bf5 Qc6 21. Bh3 b5 22. Nxd4 Qxc4 23. Qxc4 bxc4 24. Rc1 Rad8 25. Rxc4 Ba6 26. Ra4 Bxf1 27. Kxf1 Re4 28. Rxa7 Rexd4 29. g3 g6 30. a3 Rd2 31. b4 Ne4 32. b5 Rxf2+ 0-1

[Event "DVM U12w 2024"]
[Site "Bad Homburg"]
[Date "2024.12.29"]
[Round "5"]
[White "Hendler, Felicitas"]
[Black "Bacakova, Klara"]
[Result "0-1"]
[ECO "B42"]
[WhiteElo "1610"]
[BlackElo "1539"]
[Annotator "NA"]
[PlyCount "62"]
[EventDate "2024.12.23"]
[EventType "team-tourn"]
[EventRounds "7"]
[EventCountry "GER"]
[SourceTitle "playchess.com"]
[Source "ChessBase"]
[SourceQuality "1"]
[TimeControl "40/5400+30:1800+30"]

1. e4 c5 2. Nf3 e6 3. d4 cxd4 4. Nxd4 a6 5. c4 d6 6. Nc3 Qc7 7. Bd3 Be7 8. O-O Nf6 9. Be3 O-O 10. f4 Nbd7 11. Qf3 b6 12. Qg3 Kh8 13. Qh3 e5 14. Nf5 Nc5 15. Qg3 Bxf5 16. Bxc5 Qxc5+ 17. Kh1 Be6 18. f5 Bxc4 19. Bxc4 Qxc4 20. h4 Nxe4 21. Qh3 Nxc3 22. h5 Nd5 23. g4 Qe4+ 24. Kh2 Qe2+ 25. Kh1 Nf6 26. Rg1 Qe4+ 27. Kh2 Qf4+ 28. Kh1 Qg5 29. Rg2 Nd5 30. Rh2 h6 31. Rf1 Rac8 0-1

[Event "DVM U12w 2024"]
[Site "Bad Homburg"]
[Date "2024.12.29"]
[Round "5"]
[White "Xu, Dorothea Sicheng"]
[Black "Reuber, Ella"]
[Result "1-0"]
[ECO "B70"]
[WhiteElo "1585"]
[BlackElo "1188"]
[Annotator "NA"]
[PlyCount "57"]
[EventDate "2024.12.23"]
[EventType "team-tourn"]
[EventRounds "7"]
[EventCountry "GER"]
[SourceTitle "playchess.com"]
[Source "ChessBase"]
[SourceQuality "1"]
[TimeControl "40/5400+30:1800+30"]

1. e4 c5 2. Nf3 d6 3. Bb5+ Bd7 4. Bxd7+ Nxd7 5. d4 cxd4 6. Nxd4 Ngf6 7. Nc3 g6 8. O-O Bg7 9. Re1 O-O 10. h3 Rc8 11. Bg5 a6 12. Qd2 Ne5 13. Rad1 Re8 14. Nd5 Nxd5 15. exd5 Qc7 16. b3 Qc5 17. c4 Qc7 18. Bh6 Qd7 19. Bxg7 Kxg7 20. Qb2 f6 21. Ne6+ Kg8 22. Qd2 Nf7 23. h4 Nd8 24. Qh6 Nxe6 25. dxe6 Qc6 26. Re3 Qc5 27. Rd5 Qa3 28. Rg3 Rc5 29. h5 1-0

[Event "DVM U12w 2024"]
[Site "Bad Homburg"]
[Date "2024.12.29"]
[Round "5"]
[White "Frenzel, Qorianka"]
[Black "Bayer, Klara"]
[Result "1/2-1/2"]
[ECO "B87"]
[WhiteElo "1568"]
[BlackElo "1618"]
[Annotator "NA RC"]
[PlyCount "155"]
[EventDate "2024.12.23"]
[EventType "team-tourn"]
[EventRounds "7"]
[EventCountry "GER"]
[SourceTitle "playchess.com"]
[Source "ChessBase"]
[SourceQuality "1"]
[TimeControl "40/5400+30:1800+30"]

1. e4 c5 2. Nf3 d6 3. d4 cxd4 4. Nxd4 Nf6 5. Nc3 a6 6. Bg5 e6 7. Bc4 Be7 8. Bb3 b5 9. a3 Bb7 10. Qd3 Nbd7 11. Bxe6 Nc5 12. Bxf7+ Kxf7 13. Qe3 Rf8 14. O-O Nfxe4 15. Nxe4 Nxe4 16. Bxe7 Qxe7 17. Nf5 Qd7 18. f3 Nc5 19. Qg5 Kg8 20. Nh6+ Kh8 21. Ng4 Rae8 22. Rad1 Qc7 23. Rfe1 Na4 24. Rb1 Rxe1+ 25. Rxe1 Nxb2 26. Qf4 Qd8 27. Qd4 Na4 28. Re6 d5 29. Qe5 d4 30. Nh6 Qc8 31. Nf7+ Kg8 32. Nd6 Qc5 33. Nxb7 Qxe5 34. Rxe5 Rc8 35. Nd6 Rd8 36. Rd5 Nb6 37. Rxd4 Nc4 38. Nf5 Rxd4 39. Nxd4 Nxa3 40. Kf2 Kf7 41. Ke3 Ke7 42. Kd3 Kd7 43. Kc3 g6 44. Kb4 Nc4 45. Kc5 h6 46. g4 Kc7 47. Ne6+ Kb7 48. Nf4 g5 49. Ng6 Ne3 50. c3 Kc7 51. h4 Nd1 52. hxg5 hxg5 53. c4 bxc4 54. Kxc4 Kb6 55. f4 gxf4 56. Nxf4 Ne3+ 57. Kb4 Nxg4 58. Nd5+ Kb7 59. Ka5 Ne5 60. Nb4 Nc4+ 61. Ka4 a5 62. Na2 Kb6 63. Nc3 Kc5 64. Kb3 Kd4 65. Kc2 Ke3 66. Na4 Kd4 67. Nc3 Ne3+ 68. Kb3 Nc4 69. Kc2 Kc5 70. Na4+ Kb4 71. Nc3 Ne3+ 72. Kb2 Kc4 73. Na4 Nd1+ 74. Ka3 Ne3 75. Nb2+ Kb5 76. Kb3 Nd5 77. Ka3 Nc3 78. Kb3 1/2-1/2

[Event "DVM U12w 2024"]
[Site "Bad Homburg"]
[Date "2024.12.29"]
[Round "5"]
[White "Kuebart, Ela Marie"]
[Black "Mrugalski, Marie"]
[Result "1-0"]
[ECO "D02"]
[WhiteElo "1561"]
[BlackElo "1052"]
[Annotator "NA"]
[PlyCount "111"]
[EventDate "2024.12.23"]
[EventType "team-tourn"]
[EventRounds "7"]
[EventCountry "GER"]
[SourceTitle "playchess.com"]
[Source "ChessBase"]
[SourceQuality "1"]
[TimeControl "40/5400+30:1800+30"]

1. d4 d5 2. Nf3 Nc6 3. e3 Bf5 4. Bd3 Bxd3 5. Qxd3 Nf6 6. c3 e6 7. Nbd2 Bd6 8. O-O O-O 9. Re1 Re8 10. e4 dxe4 11. Nxe4 Nxe4 12. Qxe4 e5 13. dxe5 Nxe5 14. Bf4 Nxf3+ 15. Qxf3 Rxe1+ 16. Rxe1 h6 17. Rd1 Qe8 18. Kf1 Bxf4 19. Qxf4 Rd8 20. Rxd8 Qxd8 21. Qf3 c6 22. Qe2 Qd6 23. Qe8+ Kh7 24. Qe4+ Kg8 25. g3 Qd1+ 26. Kg2 Qd2 27. Qe8+ Kh7 28. Qxf7 Qxb2 29. Qb3 Qxb3 30. axb3 Kg6 31. g4 b5 32. f4 Kf6 33. Kf3 Ke6 34. Ke4 c5 35. b4 Kd6 36. h4 cxb4 37. cxb4 Ke6 38. f5+ Kf6 39. Kd4 g5 40. h5 Ke7 41. Kc5 Kd7 42. Kxb5 Kc7 43. f6 Kd7 44. Ka6 Ke6 45. f7 Kxf7 46. Kxa7 Ke6 47. b5 Ke5 48. b6 Kf4 49. b7 Kxg4 50. b8=Q Kxh5 51. Qh2+ Kg6 52. Qh3 h5 53. Qe6+ Kg7 54. Qf5 Kh6 55. Qf6+ Kh7 56. Qxg5 1-0

[Event "DVM U12w 2024"]
[Site "Bad Homburg"]
[Date "2024.12.29"]
[Round "5"]
[White "Feldhaus, Lena"]
[Black "Winkler, Frida"]
[Result "0-1"]
[ECO "D00"]
[WhiteElo "1539"]
[BlackElo "1555"]
[Annotator "NA"]
[PlyCount "80"]
[EventDate "2024.12.23"]
[EventType "team-tourn"]
[EventRounds "7"]
[EventCountry "GER"]
[SourceTitle "playchess.com"]
[Source "ChessBase"]
[SourceQuality "1"]
[TimeControl "40/5400+30:1800+30"]

1. d4 d5 2. Nc3 Nf6 3. Bf4 c5 4. Qd2 a6 5. f3 Nc6 6. e3 cxd4 7. exd4 Qb6 8. O-O-O g6 9. Be5 Be6 10. g4 Rd8 11. g5 Nxe5 12. gxf6 Nc6 13. fxe7 Nxe7 14. Nge2 Nc6 15. Qe3 Bg7 16. Bh3 Na5 17. Bxe6 fxe6 18. Nf4 Bh6 19. Rhe1 Qxb2+ 20. Kxb2 Nc4+ 21. Kc1 Nxe3 22. Nxe6 Nxd1+ 23. Kxd1 Rd6 24. Nxd5 Kf7 25. Ndc7 Bg7 26. Nxg7 Kxg7 27. Ne6+ Kf6 28. Nc5 Rxd4+ 29. Kc1 Rd5 30. Ne4+ Kf5 31. Ng3+ Kf4 32. Re7 Kxf3 33. Rxb7 Kg2 34. Rb6 a5 35. c4 Rc5 36. Rb2+ Kh3 37. Rc2 Rhc8 38. Rd2 Rxc4+ 39. Kb2 Rb4+ 40. Ka3 Rc3# 0-1

[Event "DVM U12w 2024"]
[Site "Bad Homburg"]
[Date "2024.12.29"]
[Round "5"]
[White "Mersmann, Jasmin"]
[Black "Mandziuk, Varvara"]
[Result "1-0"]
[ECO "C48"]
[WhiteElo "1527"]
[BlackElo "1160"]
[Annotator "NA"]
[PlyCount "91"]
[EventDate "2024.12.23"]
[EventType "team-tourn"]
[EventRounds "7"]
[EventCountry "GER"]
[SourceTitle "playchess.com"]
[Source "ChessBase"]
[SourceQuality "1"]
[TimeControl "40/5400+30:1800+30"]

1. e4 e5 2. Nf3 Nc6 3. Nc3 Nf6 4. Bb5 Nd4 5. Ba4 Bc5 6. O-O Qe7 7. d3 h6 8. Nxd4 Bxd4 9. Ne2 Bb6 10. h3 O-O 11. Kh1 d5 12. exd5 Nxd5 13. Bb3 Be6 14. d4 Qf6 15. dxe5 Qxe5 16. Ng3 Qd6 17. Qf3 c6 18. Rd1 Qc5 19. Ne4 Qe7 20. c4 Nc7 21. Bf4 Rad8 22. Bd6 Rxd6 23. Nxd6 Qh4 24. Qg3 Qh5 25. Ne4 f6 26. c5 Bxb3 27. axb3 f5 28. cxb6 axb6 29. Qxc7 fxe4 30. Qxb6 Qh4 31. Rf1 g5 32. Qe3 g4 33. Qg3 Qh5 34. Qxg4+ Qxg4 35. hxg4 Rf4 36. Ra8+ Kg7 37. Ra7 Rxg4 38. Rxb7+ Kf6 39. Rb6 h5 40. Rxc6+ Kg5 41. Rc8 h4 42. Rg8+ Kf4 43. Rxg4+ Kxg4 44. b4 h3 45. gxh3+ Kxh3 46. Rg1 1-0

[Event "DVM U12w 2024"]
[Site "Bad Homburg"]
[Date "2024.12.29"]
[Round "5"]
[White "Suryaprakash, Smrithi"]
[Black "Briese, Sophie"]
[Result "1/2-1/2"]
[ECO "B41"]
[WhiteElo "1527"]
[BlackElo "1465"]
[Annotator "NA"]
[PlyCount "84"]
[EventDate "2024.12.23"]
[EventType "team-tourn"]
[EventRounds "7"]
[EventCountry "GER"]
[SourceTitle "playchess.com"]
[Source "ChessBase"]
[SourceQuality "1"]
[TimeControl "40/5400+30:1800+30"]

1. e4 c5 2. Nf3 e6 3. d4 cxd4 4. Nxd4 a6 5. Be3 Qc7 6. c3 Nf6 7. Nd2 b5 8. Bd3 Bb7 9. h3 d5 10. Qc2 h6 11. O-O Bd6 12. Rae1 O-O 13. N4f3 Nc6 14. Nd4 Rac8 15. a3 Nxd4 16. Bxd4 e5 17. f4 dxe4 18. fxe5 Bxe5 19. Bxe5 Qxe5 20. Nxe4 Nxe4 21. Bxe4 Bxe4 22. Qxe4 Qxe4 23. Rxe4 Rfe8 24. Rfe1 Red8 25. R4e2 Rd7 26. Re8+ Rxe8 27. Rxe8+ Kh7 28. Re2 g5 29. g4 Kg6 30. Kf2 h5 31. b3 Rd3 32. Re3 Rxe3 33. Kxe3 hxg4 34. hxg4 f5 35. Kf3 fxg4+ 36. Kxg4 Kf6 37. a4 bxa4 38. bxa4 a5 39. c4 Ke5 40. Kxg5 Kd4 41. Kf4 Kxc4 42. Ke3 Kb4 1/2-1/2

[Event "DVM U12w 2024"]
[Site "Bad Homburg"]
[Date "2024.12.29"]
[Round "5"]
[White "Werner, Amelie"]
[Black "Khachaturyan, Viktoria"]
[Result "0-1"]
[WhiteElo "1525"]
[BlackElo "966"]
[Annotator "NA"]
[PlyCount "20"]
[EventDate "2024.12.23"]
[EventType "team-tourn"]
[EventRounds "7"]
[EventCountry "GER"]
[SourceTitle "playchess.com"]
[Source "ChessBase"]
[SourceQuality "1"]
[TimeControl "40/5400+30:1800+30"]

1. e4 e5 2. Nf3 Nc6 3. c3 d5 4. Qa4 Nf6 5. Nxe5 Bd7 6. Nxd7 Qxd7 7. exd5 Qe7+ 8. Be2 Nxd5 9. d4 O-O-O 10. Nd2 Nf4 0-1

[Event "DVM U12w 2024"]
[Site "Bad Homburg"]
[Date "2024.12.29"]
[Round "5"]
[White "Frydel, Helena"]
[Black "Wolf, Helena"]
[Result "0-1"]
[ECO "B72"]
[WhiteElo "1514"]
[BlackElo "1582"]
[Annotator "NA"]
[PlyCount "92"]
[EventDate "2024.12.23"]
[EventType "team-tourn"]
[EventRounds "7"]
[EventCountry "GER"]
[SourceTitle "playchess.com"]
[Source "ChessBase"]
[SourceQuality "1"]
[TimeControl "40/5400+30:1800+30"]

1. e4 c5 2. Nf3 d6 3. d4 cxd4 4. Nxd4 Nf6 5. Nc3 g6 6. Be2 Bg7 7. O-O O-O 8. Be3 Nc6 9. Nxc6 bxc6 10. Qd2 Bd7 11. f3 Qc7 12. Kh1 Rab8 13. b3 Rfd8 14. Rad1 a5 15. a4 Ra8 16. Bc4 Be8 17. Qf2 Rdb8 18. Qd2 Rd8 19. Qf2 Rdb8 20. Rd3 e6 21. Bf4 Rd8 22. Rfd1 e5 23. Be3 Rab8 24. Qd2 Bf8 25. Bc5 d5 26. Bxf8 Kxf8 27. exd5 cxd5 28. Nxd5 Nxd5 29. Rxd5 Rxd5 30. Qxd5 Bc6 31. Qc5+ Kg8 32. Rd6 Rc8 33. Qxe5 Re8 34. Be6 fxe6 35. Qc5 Rd8 36. Rxd8+ Qxd8 37. h3 Qd5 38. Qxd5 Bxd5 39. c4 Bc6 40. Kg1 Kf7 41. Kf2 Kf6 42. Ke3 e5 43. g4 g5 44. Kf2 Ke6 45. Ke3 Kd6 46. Ke2 Kc5 0-1

[Event "DVM U12w 2024"]
[Site "Bad Homburg"]
[Date "2024.12.29"]
[Round "5"]
[White "Rose, Malina Rita"]
[Black "Ising, Svea"]
[Result "1/2-1/2"]
[ECO "C50"]
[WhiteElo "1503"]
[BlackElo "1221"]
[Annotator "NA"]
[PlyCount "44"]
[EventDate "2024.12.23"]
[EventType "team-tourn"]
[EventRounds "7"]
[EventCountry "GER"]
[SourceTitle "playchess.com"]
[Source "ChessBase"]
[SourceQuality "1"]
[TimeControl "40/5400+30:1800+30"]

1. e4 e5 2. Nf3 Nc6 3. Bc4 Bc5 4. d3 h6 5. Nc3 d6 6. h3 Nf6 7. Be3 Bb6 8. Nd5 Be6 9. Nxf6+ Qxf6 10. Bxe6 fxe6 11. Qe2 O-O 12. O-O-O d5 13. exd5 exd5 14. Rhf1 d4 15. Bd2 Qe6 16. Kb1 a5 17. Qe4 Nb4 18. b3 Rfe8 19. Rfe1 Qc6 20. Qxc6 Nxc6 21. Re2 Re7 22. Rde1 Rae8 1/2-1/2

[Event "DVM U12w 2024"]
[Site "Bad Homburg"]
[Date "2024.12.29"]
[Round "5"]
[White "Lange, Lene Marie"]
[Black "Gelbach, Julietta"]
[Result "1-0"]
[ECO "A45"]
[WhiteElo "1501"]
[BlackElo "855"]
[Annotator "NA"]
[PlyCount "85"]
[EventDate "2024.12.23"]
[EventType "team-tourn"]
[EventRounds "7"]
[EventCountry "GER"]
[SourceTitle "playchess.com"]
[Source "ChessBase"]
[SourceQuality "1"]
[TimeControl "40/5400+30:1800+30"]

1. d4 c5 2. c3 Nf6 3. Bf4 Qb6 4. Qc2 Nc6 5. e3 e6 6. Bd3 g6 7. Nf3 Bg7 8. O-O O-O 9. Nbd2 d5 10. b3 Bd7 11. Bd6 Rfe8 12. Bxc5 Qc7 13. c4 e5 14. dxe5 Nxe5 15. Nxe5 Rxe5 16. cxd5 Rh5 17. Nf3 Ng4 18. Bd4 Qd6 19. h3 Ne5 20. Bxe5 Bxe5 21. Rac1 Bxh3 22. gxh3 Rxh3 23. Nxe5 Qxe5 24. f4 Qxd5 25. Be4 Qh5 26. Qd1 Rg3+ 27. Bg2 Qh3 28. Rf2 Qe6 29. Rc3 Qe7 30. Qd4 Rd8 31. Qc4 Rd1+ 32. Rf1 Rd2 33. Rf2 Rd6 34. Qc5 Qd7 35. Qc8+ Qxc8 36. Rxc8+ Kg7 37. Rc3 Kf6 38. Kh2 Rg4 39. Bxb7 h5 40. Rc6 Rxc6 41. Bxc6 g5 42. Bf3 Rh4+ 43. Kg3 1-0

[Event "DVM U12w 2024"]
[Site "Bad Homburg"]
[Date "2024.12.29"]
[Round "5"]
[White "Ruddat, Maila"]
[Black "Ramien, Eva"]
[Result "1-0"]
[ECO "C54"]
[WhiteElo "1486"]
[BlackElo "1542"]
[Annotator "NA"]
[PlyCount "53"]
[EventDate "2024.12.23"]
[EventType "team-tourn"]
[EventRounds "7"]
[EventCountry "GER"]
[SourceTitle "playchess.com"]
[Source "ChessBase"]
[SourceQuality "1"]
[TimeControl "40/5400+30:1800+30"]

1. e4 e5 2. Nf3 Nc6 3. Bc4 Bc5 4. c3 Nf6 5. d3 h6 6. Nbd2 d6 7. Bb3 Ne7 8. h3 Ng6 9. Nf1 Bb6 10. Ng3 c6 11. O-O O-O 12. Re1 Re8 13. Bc2 Be6 14. b3 Bc8 15. Bb2 Bc7 16. d4 exd4 17. cxd4 b6 18. Qd2 Bb7 19. Rad1 Rb8 20. Kh1 Kh8 21. b4 a6 22. a3 Ra8 23. Bb3 Kg8 24. Bc2 Kh8 25. Nf5 Kh7 26. Bb3 Rf8 27. Qe3 1-0

[Event "DVM U12w 2024"]
[Site "Bad Homburg"]
[Date "2024.12.29"]
[Round "5"]
[White "Albrecht, Sidney Jenna"]
[Black "Doescher, Nayla"]
[Result "1-0"]
[ECO "A29"]
[WhiteElo "1483"]
[BlackElo "1437"]
[Annotator "NA RC"]
[PlyCount "129"]
[EventDate "2024.12.23"]
[EventType "team-tourn"]
[EventRounds "7"]
[EventCountry "GER"]
[SourceTitle "playchess.com"]
[Source "ChessBase"]
[SourceQuality "1"]
[TimeControl "40/5400+30:1800+30"]

1. c4 e5 2. Nc3 Nc6 3. Nf3 Nf6 4. g3 Bb4 5. Bg2 Bxc3 6. bxc3 d6 7. O-O O-O 8. d3 Nh5 9. e4 f5 10. Nh4 Nf6 11. exf5 Ne8 12. Bd5+ Kh8 13. Qh5 Ne7 14. Bg5 Nf6 15. Bxf6 Rxf6 16. Be4 c6 17. Ng6+ Kg8 18. Nxe7+ Qxe7 19. g4 Rh6 20. f6 Rxh5 21. fxe7 Bxg4 22. Rab1 Kf7 23. Kh1 Bf5 24. Bxf5 Rxf5 25. Rxb7 Rf6 26. Rg1 g6 27. e8=Q+ Kxe8 28. Rxh7 Rxf2 29. Rxg6 Rd8 30. Rxa7 Rd7 31. Rg8+ Ke7 32. Rg7+ Ke6 33. Rgxd7 Rd2 34. Rf7 d5 35. cxd5+ Kxd5 36. Ra5+ Ke6 37. Raa7 Rd1+ 38. Kg2 Rd2+ 39. Kf3 Rxd3+ 40. Ke4 Rxc3 41. Rfe7+ Kf6 42. Rxe5 Rc4+ 43. Kd3 Rh4 44. Re3 Rxh2 45. Re2 Rh3+ 46. Kd2 Rh8 47. Ra3 Kf5 48. Rf3+ Kg4 49. Rf7 Kg3 50. Ke1 Rh1+ 51. Rf1 Rh8 52. Re7 Rb8 53. Rg7+ Kh2 54. Kf2 Rf8+ 55. Ke2 Re8+ 56. Kd3 Rd8+ 57. Ke4 Re8+ 58. Kd4 Rd8+ 59. Ke5 Rd3 60. Rf6 Rh3 61. Rxc6 Rh5+ 62. Kf6 Rh6+ 63. Rg6 Rh3 64. Rc5 Rf3+ 65. Kg7 1-0

[Event "DVM U12w 2024"]
[Site "Bad Homburg"]
[Date "2024.12.29"]
[Round "5"]
[White "Didas, Emma"]
[Black "Lao, Theodora Siyuan"]
[Result "0-1"]
[ECO "C55"]
[WhiteElo "1456"]
[BlackElo "1170"]
[Annotator "NA"]
[PlyCount "120"]
[EventDate "2024.12.23"]
[EventType "team-tourn"]
[EventRounds "7"]
[EventCountry "GER"]
[SourceTitle "playchess.com"]
[Source "ChessBase"]
[SourceQuality "1"]
[TimeControl "40/5400+30:1800+30"]

1. e4 e5 2. Nf3 Nc6 3. Bc4 Nf6 4. d3 Be7 5. c3 b6 6. O-O h6 7. Bd5 Bb7 8. Nxe5 O-O 9. Nxc6 Bxc6 10. Bxc6 dxc6 11. e5 Nd7 12. d4 c5 13. Qg4 Bg5 14. Bxg5 hxg5 15. f4 gxf4 16. Rxf4 cxd4 17. cxd4 c5 18. Nc3 cxd4 19. Rxd4 Nxe5 20. Qe4 Qe7 21. Nd5 Qd6 22. Nxb6 Qxb6 23. Qxe5 Rad8 24. Rad1 Rxd4 25. Qxd4 Qb7 26. Rd3 Qe7 27. Re3 Qc7 28. h3 Rd8 29. Qh4 Qb6 30. Kf2 Re8 31. Qf4 Rxe3 32. Qxe3 Qxb2+ 33. Qe2 Qb6+ 34. Kg3 Qd6+ 35. Kf2 Qd4+ 36. Qe3 Qf6+ 37. Ke2 Qa6+ 38. Kf3 Qxa2 39. Qe8+ Kh7 40. Qe4+ Kh6 41. Qf4+ Kg6 42. Qg4+ Kf6 43. Qf4+ Ke6 44. Qe4+ Kd6 45. Qf4+ Kc6 46. Qc1+ Kb6 47. Qe3+ Kb5 48. Qe5+ Kb6 49. Qxg7 Qd5+ 50. Kf4 Qd6+ 51. Kf5 Qd5+ 52. Kf4 Qd2+ 53. Kf5 Qf2+ 54. Ke4 f5+ 55. Ke5 Qb2+ 56. Kxf5 Qxg7 57. g4 Qh7+ 58. Kf6 Qxh3 59. g5 a5 60. g6 Qg4 0-1

[Event "DVM U12w 2024"]
[Site "Bad Homburg"]
[Date "2024.12.29"]
[Round "5"]
[White "Raghavan, Madhushri"]
[Black "Subocz, Emma"]
[Result "0-1"]
[ECO "D35"]
[WhiteElo "1410"]
[BlackElo "1106"]
[Annotator "NA"]
[PlyCount "117"]
[EventDate "2024.12.23"]
[EventType "team-tourn"]
[EventRounds "7"]
[EventCountry "GER"]
[SourceTitle "playchess.com"]
[Source "ChessBase"]
[SourceQuality "1"]
[TimeControl "40/5400+30:1800+30"]

1. d4 d5 2. c4 e6 3. Nc3 Nf6 4. Bg5 Nbd7 5. cxd5 exd5 6. Nxd5 Nxd5 7. Bxd8 Bb4+ 8. Qd2 Bxd2+ 9. Kxd2 Kxd8 10. Rd1 b6 11. Kc1 Bb7 12. Nf3 Nb4 13. a3 Nd5 14. Ne5 Nxe5 15. dxe5 Ke7 16. h4 Rhc8 17. h5 h6 18. Rh4 c5 19. Rg4 Kf8 20. Rd3 Rc7 21. e4 Ne7 22. Rdg3 g6 23. hxg6 fxg6 24. Rf4+ Kg7 25. Bc4 Nc6 26. Rf5 Nd4 27. Rf4 a6 28. Kd2 Rd8 29. Ke1 b5 30. Bd3 c4 31. Bb1 Rcd7 32. Rf6 g5 33. f4 Nb3 34. Kf2 Rd2+ 35. Kf3 R8d7 36. fxg5 hxg5 37. Rxg5+ Kh8 38. e6 Re7 39. Rh5+ Kg7 40. Rf7+ Rxf7+ 41. exf7 Bxe4+ 42. Bxe4 Kxf7 43. Rh7+ Kg8 44. Ra7 a5 45. Rb7 Rxb2 46. Rxb5 Nd4+ 47. Ke3 Nxb5 48. Bd5+ Kg7 49. Bxc4 Nxa3 50. Bd5 Nb5 51. Be4 a4 52. Bd5 a3 53. g4 Nc3 54. Bc4 Rb4 55. Be6 Re4+ 56. Kd3 Rxe6 57. Kxc3 Rb6 58. Kc4 a2 59. Kc5 0-1

[Event "DVM U12w 2024"]
[Site "Bad Homburg"]
[Date "2024.12.29"]
[Round "5"]
[White "Naz Öksüz, Meryem"]
[Black "Daaboul, Ulla"]
[Result "1-0"]
[ECO "B34"]
[WhiteElo "1296"]
[BlackElo "787"]
[Annotator "NA"]
[PlyCount "30"]
[EventDate "2024.12.23"]
[EventType "team-tourn"]
[EventRounds "7"]
[EventCountry "GER"]
[SourceTitle "playchess.com"]
[Source "ChessBase"]
[SourceQuality "1"]
[TimeControl "40/5400+30:1800+30"]

1. e4 c5 2. Nf3 d6 3. d4 cxd4 4. Nxd4 Nc6 5. Nc3 g6 6. Be3 Bg7 7. Qd2 a6 8. O-O-O Ne5 9. h3 Nc4 10. Bxc4 b5 11. Bd5 Rb8 12. Nc6 Qc7 13. Nxb8 Qxb8 14. Bc6+ Bd7 15. Bxd7+ Kxd7 1-0

[Event "DVM U12w 2024"]
[Site "Bad Homburg"]
[Date "2024.12.29"]
[Round "5"]
[White "Kotliarova, Emily"]
[Black "Henn, Lena"]
[Result "1/2-1/2"]
[ECO "B09"]
[WhiteElo "1139"]
[BlackElo "808"]
[Annotator "NA"]
[PlyCount "32"]
[EventDate "2024.12.23"]
[EventType "team-tourn"]
[EventRounds "7"]
[EventCountry "GER"]
[SourceTitle "playchess.com"]
[Source "ChessBase"]
[SourceQuality "1"]
[TimeControl "40/5400+30:1800+30"]

1. e4 d6 2. d4 Nf6 3. Nc3 g6 4. f4 c6 5. e5 dxe5 6. fxe5 Nfd7 7. Nf3 Bg7 8. Bc4 O-O 9. O-O Nb6 10. Bb3 Nd5 11. Nxd5 cxd5 12. c4 dxc4 13. Bxc4 Qc7 14. b3 Kh8 15. Ng5 f6 16. Nf7+ Kg8 1/2-1/2

[Event "DVM U12w 2024"]
[Site "Bad Homburg"]
[Date "2024.12.29"]
[Round "5"]
[White "Doberchak, Emily Alice"]
[Black "Wang, Lexin Selina"]
[Result "1-0"]
[ECO "C64"]
[WhiteElo "1106"]
[BlackElo "920"]
[Annotator "NA"]
[PlyCount "65"]
[EventDate "2024.12.23"]
[EventType "team-tourn"]
[EventRounds "7"]
[EventCountry "GER"]
[SourceTitle "playchess.com"]
[Source "ChessBase"]
[SourceQuality "1"]
[TimeControl "40/5400+30:1800+30"]

1. e4 e5 2. Nf3 Nc6 3. c3 Bc5 4. d4 exd4 5. cxd4 Bb4+ 6. Bd2 Bxd2+ 7. Nbxd2 d6 8. Bb5 Nf6 9. d5 Bd7 10. dxc6 bxc6 11. Bd3 O-O 12. O-O Re8 13. Re1 Bg4 14. h3 Bxf3 15. Nxf3 Nd7 16. Rc1 c5 17. Bb5 Rb8 18. Bxd7 Qxd7 19. b3 Re7 20. e5 d5 21. Rxc5 Rb5 22. Rxb5 Qxb5 23. Qe2 Qe8 24. Qd3 c6 25. Ng5 Rxe5 26. Qxh7+ Kf8 27. Qh8+ Ke7 28. Rxe5+ Kf6 29. Qxe8 Kg6 30. Qxc6+ f6 31. Rxd5 Kh5 32. g4+ Kh4 33. Nf3+ 1-0